 Dungeon Crawl Stone Soup version 0.15.1-3-g1b33baa (webtiles) character file.

44492 Johnny the Nimble (level 13, -5/75 HPs)
             Began as a Demigod Ice Elementalist on Oct 2, 2014.
             Slain by a bone dragon (10 damage)
             ... while paralysed by accursed screaming
             ... on Level 1 of the Abyss.
             The game lasted 02:12:44 (27854 turns).

Johnny the Nimble (Demigod Ice Elementalist)       Turns: 27854, Time: 02:12:45

HP  -5/75        AC 13     Str 10      XL: 13   Next: 58%
MP  23/24        EV  2     Int 20      God:
Gold 2175        SH  0     Dex 19      Spells:  7 memorised,  1 level left

rFire  . . .     SeeInvis .     M - +5 flail (protect)
rCold  + . .     Clarity  +     f - +0 ring mail
rNeg   + . .     rCorr    .     (no shield)
rPois  .         rRot     .     c - +0 helmet of the Gusle {+Rage}
rElec  .         Spirit   .     s - +0 cloak
SustAb .         Warding  .     R - +0 pair of gloves
rMut   .         Stasis   .     Q - +0 pair of boots
Gourm  .                        u - amulet of clarity
MR     +....                    l - ring of positive energy
                                n - ring of protection from cold

@: paralysed, agile, constricted, somewhat resistant to hostile enchantments,
stealthy
A: blurry vision 2, clumsy 2, deformed body, deterioration 1, dopey 2, frail 3,
low mp 2, spit poison 1, weak 2, placid magic 2
a: Spit Poison, Evoke Berserk Rage


You were on level 1 of the Abyss.
You were not hungry.

You visited 3 branches of the dungeon, and saw 25 of its levels.
You visited the Abyss 1 time.
You also visited: Sewer.

You collected 2517 gold pieces.
You spent 342 gold pieces at shops.

Inventory:

Hand weapons
 L - a +2 arbalest of velocity
 M - a +5 flail of protection (weapon)
Armour
 c - the +0 helmet of the Gusle (worn) {+Rage}
   (You found it on level 1 of the Abyss)

   It lets you go berserk.
 f - a +0 ring mail (worn)
 s - a +0 cloak (worn)
 Q - a +0 pair of boots (worn)
 R - a +0 pair of gloves (worn)
 U - a +1 hat
Magical devices
 k - a wand of teleportation (0)
 m - a wand of enslavement (0)
 q - a wand of digging (20)
 v - a wand of polymorph (0)
 B - a wand of disintegration (0)
 F - a wand of polymorph (4)
 H - a wand of draining (0)
 O - a wand of invisibility (0)
Comestibles
 b - a bread ration
Scrolls
 i - 8 scrolls of remove curse
 j - a scroll of immolation
 w - a scroll of teleportation
 y - 4 scrolls of fog
 z - 2 scrolls of recharging
 A - 2 scrolls of amnesia
 C - 3 scrolls of fear
 E - 4 scrolls of blinking
 P - a scroll of random uselessness {unknown}
 S - 4 scrolls of vulnerability {unknown}
 V - a scroll of summoning {unknown}
 W - 2 scrolls of enchant armour
Jewellery
 l - a ring of positive energy (right hand)
 n - a ring of protection from cold (left hand)
 u - an amulet of clarity (around neck)
 I - an uncursed ring of protection from fire
 N - the amulet of Pasioxom {Gourm rF+ Str+3 Slay+3}
   (You bought it in a shop on level 8 of the Dungeon)

   [amulet of the gourmand]

   It allows you to eat raw meat even when not hungry.
   It affects your strength (+3).
   It affects your accuracy and damage with ranged weapons and melee attacks
   (+3).
   It protects you from fire.
Potions
 a - a potion of magic
 g - 4 potions of might
 h - 5 potions of curing
 p - 6 potions of restore abilities
 r - 4 potions of flight
 t - 3 potions of agility
 J - 4 potions of brilliance


   Skills:
 * Level 8.7 Fighting
 + Level 5.6 Armour
 * Level 9.0 Dodging
 + Level 6.4 Stealth
 * Level 7.9 Spellcasting
 * Level 6.1 Conjurations
 - Level 4.5 Charms
 - Level 7.0 Summonings
 * Level 9.0 Ice Magic
 * Level 4.3 Air Magic
 + Level 5.6 Evocations


You had one spell level left.
You knew the following spells:

 Your Spells              Type           Power        Failure   Level  Hunger
a - Freeze                Ice            ###.         0%          1    None
b - Summon Ice Beast      Ice/Summ       ###.....     1%          4    ###....
c - Ozocubu's Armour      Chrm/Ice       ###.....     1%          3    #......
d - Throw Icicle          Conj/Ice       ###.....     1%          4    ###....
e - Freezing Cloud        Conj/Ice/Air   ###.......   83%         6    ######.
f - Ozocubu's Refrigerat  Ice            ###.......   22%         6    ######.
g - Blink                 Tloc           N/A          6%          2    None


Dungeon Overview and Level Annotations

Branches:
Dungeon (13/15)            Temple (0/1) D:6             Orc (4/4) D:12
    Elf (0/3) Orc:4          Lair (8/8) D:9          Shoals (0/5) Lair:6
  Snake (0/5) Lair:5
  Slime: Lair:6-8    Vaults: D:13-14

Shops:
D:8 *   D:10 ?}   Orc:3 (   Orc:4 [*(

Annotations:
D:8 Erolcha
Lair:8 Maja's ghost, powerful MiBe


Innate Abilities, Weirdness & Mutations

Your body is slowly deteriorating.
You can spit poison.
[Your vision is quite blurry.]
[You are very clumsy. (Dex -4)]
[Armour fits poorly on your strangely shaped body.]
[You are very dopey. (Int -4)]
[You are extremely frail (-30% HP).]
[Your magical capacity is very low (-20% MP).]
[You are very weak. (Str -4)]
[Your spells are easier to cast, but less powerful.]


Message History

The writing blurs in front of your eyes.
A starcursed mass splits.
The tentacle pulls you backwards! The tentacle pulls you backwards!
The starspawn tentacle constricts you. The bone dragon bites you!!
The bone dragon claws you but does no damage.
The bone dragon tramples you!
* * * LOW HITPOINT WARNING * * *
You stumble backwards!
The starspawn tentacle loses its grip on you.
Read which item? (? for menu, Esc to quit)
Okay, then.
Drink which item? (? for menu, Esc to quit)
You feel agile all of a sudden.
A deafening chorus of shrieks assaults your mind!
* * * LOW HITPOINT WARNING * * *
You suddenly lose the ability to move!
The starspawn tentacle grabs you. The starspawn tentacle constricts you.
The bone dragon bites you but does no damage.
The bone dragon claws you!
You die...

.. ....#.....#... ...
..............
.....#....#(.#......
.......#............. .
........#..##........
.................... ..
...#........w..........
.........wXD.*....#.....
..........@wX..........
. .........XX..........
......#.....X#.......
............XX...#... .
........X.........
.#.....#.....#.... .
..............§
................§ .
...........§ §


You could see a bone dragon, 6 starcursed masses, 2 tentacled starspawn and 3
starspawn tentacles.

Vanquished Creatures
  An orc warlord (Orc:4)
  Erica (D:11)
  4 death yaks
  2 orc high priests (Orc:4)
  A wretched star (Abyss:1)
  A lindwurm (Lair:8)
  2 orc knights
  A hill giant (D:10)
  Pikel (D:9)
  2 orc sorcerers (Orc:4)
  A wolf spider (Lair:7)
  3 black mambas
  2 spiny frogs
  3 trolls
  A giant leech (Lair:8)
  A griffon zombie (D:12)
  A blink frog (Lair:1)
  A shadow (D:11)
  11 yaks
  2 basilisks
  A hungry ghost (D:10)
  4 wolves
  A human (D:10)
  A steam dragon (D:5)
  2 wargs
  5 porcupines
  10 orc warriors
  3 water moccasins
  A human skeleton (D:11)
  3 ice beasts
  A sky beast (D:10)
  A slave (D:9)
  4 crocodiles
  4 ogres
  The ghost of MBison the Changer, an average HETm (D:4)
  Duvessa (D:9)
  4 big kobolds (Sewer)
  A brain worm (D:11)
  A centaur (D:10)
  7 giant frogs
  2 scorpions
  2 killer bees (D:9)
  A wight (D:10)
  2 electric eels (D:8)
  4 crimson imps (D:10)
  A centaur zombie (D:5)
  Dowan (D:9)
  6 hounds
  3 jellies
  Crazy Yiuf (D:2)
  A quasit (D:11)
  2 centaur skeletons
  10 orc wizards
  4 iguanas
  An orange rat (Lair:3)
  8 orc priests
  2 worker ants
  6 sheep
  A sky beast zombie (D:6)
  The ghost of Yermak the Shield-Bearer, a weakling FoFi (D:3)
  An ogre skeleton (Orc:4)
  Terence (D:2)
  A hound skeleton (D:8)
  20 green rats
  22 adders
  4 gnolls
  A scorpion zombie (D:7)
  A shadow imp (D:7)
  2 giant mites
  2 white imps
  6 worms
  An ufetubus (D:13)
  6 giant geckos
  2 oozes
  80 orcs
  7 ball pythons
  12 bats
  A bat skeleton (D:5)
  7 giant cockroaches
  17 hobgoblins
  9 quokkas
  4 giant newts
  16 goblins
  A goblin zombie (D:5)
  A hobgoblin zombie (D:8)
  3 jackals (D:1)
  29 kobolds
  An orc skeleton (Orc:4)
  3 orc zombies
  A quokka skeleton (D:6)
  35 rats
  A rat skeleton (D:5)
455 creatures vanquished.

Vanquished Creatures (collateral kills)
  A tentacled starspawn (Abyss:1)
  An orc warlord (Orc:3)
  Gastronok (D:11)
  Snorg (Orc:2)
  Harold (D:11)
  Nessos (Orc:3)
  A centaur warrior (D:13)
  3 hydras
  6 death yaks
  An orc high priest (Orc:3)
  2 large abominations (Abyss:1)
  2 hill giants
  An oklob plant (Lair:5)
  An ugly thing (D:12)
  An orc knight (Orc:3)
  3 griffons
  5 elephants (Lair:7)
  2 black mambas
  4 spiny frogs
  A gargoyle (D:11)
  Psyche (D:8)
  2 komodo dragons
  3 trolls
  7 fire drakes (Lair:8)
  An ancient zyme (Abyss:1)
  2 polar bears
  A troll (shapeshifter) (D:13)
  2 giant leeches (Lair:8)
  2 basilisks
  13 blink frogs
  A catoblepas skeleton (D:11)
  A boulder beetle (Lair:5)
  A centaur simulacrum (D:13)
  A shadow (D:12)
  2 wyverns
  A spriggan (D:10)
  A water elemental (D:13)
  A wandering mushroom (Lair:8)
  Grum (D:9)
  2 vampire mosquitoes (D:12)
  6 hippogriffs
  42 yaks
  A naga (Lair:5)
  11 wolves
  A yellow wasp (D:7)
  7 porcupines
  A black bear (D:8)
  A deep troll skeleton (D:11)
  8 ogres
  4 jellies
  A necrophage (D:10)
  8 water moccasins
  17 orc warriors
  2 phantoms
  A boring beetle (Lair:8)
  A small abomination (Abyss:1)
  3 centaurs
  9 crocodiles
  2 ice beasts
  A manticore skeleton (D:9)
  4 brain worms (Lair:8)
  8 giant frogs
  2 big kobolds
  A cyclops zombie (D:13)
  An eye of draining (D:11)
  A hippogriff zombie (D:8)
  9 killer bees
  A scorpion (D:10)
  7 wights
  An electric eel (D:8)
  6 crimson imps
  6 hounds
  A goliath beetle (D:9)
  An iron imp (Abyss:1)
  11 orc priests
  A gnoll shaman (D:7)
  5 worker ants
  14 orc wizards
  An iguana (Lair:4)
  20 sheep
  8 orange rats
  Ijyb (D:7)
  A mummy (D:11)
  11 adders
  2 white imps (D:10)
  3 gnolls (D:7)
  24 green rats
  12 worms (Lair:8)
  An iguana skeleton (D:6)
  71 orcs
  A goblin (Orc:4)
  A hobgoblin (D:11)
  2 jackals (D:7)
  8 kobolds
  A bat (Orc:1)
  A hobgoblin skeleton (Orc:4)
  A lurking horror (Abyss:1)
  2 quokkas
  2 rats
  3 plants
469 creatures vanquished.

Vanquished Creatures (others)
  3 trapdoor spiders (Lair:7)
  10 spiders
  189 ice beasts
  A slave (D:9)
  A giant frog (Lair:5)
  2 giant mites
  2 orcs
  A kobold (D:9)
  An orc zombie (D:7)
  9 fungi (Lair:8)
  5 plants (Lair:8)
  5 starspawn tentacles (Abyss:1)
  163 starspawn tentacle segments (Abyss:1)
392 creatures vanquished.

Grand Total: 1316 creatures vanquished

Notes
Turn   | Place    | Note
--------------------------------------------------------------
     0 | D:1      | Johnny, the Demigod Ice Elementalist, began the quest for the Orb.
     0 | D:1      | Reached XP level 1. HP: 14/14 MP: 3/3
   234 | D:1      | Reached XP level 2. HP: 17/20 MP: 4/4
   533 | D:1      | HP: 1/22 [kobold/short sword (3)]
   569 | D:1      | Reached skill level 1 in Fighting
   793 | D:2      | Reached XP level 3. HP: 23/28 MP: 4/8
   892 | D:2      | Reached skill level 3 in Ice Magic
  1183 | D:2      | Noticed Terence
  1200 | D:2      | Killed Terence
  1200 | D:2      | Reached XP level 4. HP: 30/35 MP: 1/10
  1207 | D:2      | Learned a level 4 spell: Summon Ice Beast
  1509 | D:2      | Reached skill level 1 in Armour
  1679 | D:2      | Noticed Crazy Yiuf
  1689 | D:2      | Killed Crazy Yiuf
  1905 | D:3      | Noticed an ice beast
  1909 | D:3      | Killed an ice beast
  1909 | D:3      | Reached XP level 5. HP: 39/41 MP: 10/12
  2012 | D:3      | Noticed Yermak's ghost (weakling FoFi)
  2021 | D:3      | Killed Yermak's ghost
  2883 | D:4      | Noticed MBison's ghost (average HETm)
  2894 | D:4      | Killed MBison's ghost
  2894 | D:4      | Reached skill level 1 in Summonings
  2894 | D:4      | Reached skill level 1 in Evocations
  2894 | D:4      | Reached XP level 6. HP: 40/48 MP: 15/15
  3565 | D:5      | Entered Level 5 of the Dungeon
  3671 | D:5      | Found a basalt altar of Yredelemnul.
  3718 | D:5      | Found a glowing drain.
  3733 | Sewer    | Entered a sewer
  4027 | Sewer    | Reached skill level 4 in Ice Magic
  4027 | Sewer    | Reached XP level 7. HP: 33/56 MP: 18/18
  4392 | D:5      | Found an iron altar of Okawaru.
  4991 | D:6      | Reached XP level 8. HP: 58/64 MP: 20/20
  5065 | D:6      | Found a shattered altar of Ashenzari.
  5658 | D:6      | Found a staircase to the Ecumenical Temple.
  5728 | D:6      | Learned a level 3 spell: Ozocubu's Armour
  5733 | D:6      | Learned a level 4 spell: Throw Icicle
  5816 | D:7      | Reached skill level 5 in Ice Magic
  6017 | D:7      | Noticed Ijyb
  6028 | D:7      | Killed Ijyb
  6156 | D:7      | Reached skill level 1 in Conjurations
  6511 | D:8      | Found a sparkling altar of Nemelex Xobeh.
  6588 | D:8      | Found a shadowy altar of Dithmenos.
  6603 | D:8      | Noticed Psyche
  6737 | D:8      | Killed Psyche
  6737 | D:8      | Reached XP level 9. HP: 62/72 MP: 6/23
  6914 | D:8      | Found Obleom's Assorted Antiques.
  6917 | D:8      | Bought a crude pewter amulet for 130 gold pieces
  6917 | D:8      | Bought a scroll of identify for 52 gold pieces
  6917 | D:8      | Bought a scroll of identify for 52 gold pieces
  6917 | D:8      | Bought a scroll of identify for 52 gold pieces
  6923 | D:8      | Identified the amulet of Pasioxom {Gourm rF+ Str+3 Slay+3} (You bought it in a shop on level 8 of the Dungeon)
  7028 | D:8      | Reached skill level 1 in Charms
  7030 | D:8      | Noticed Erolcha
  7523 | D:9      | Reached skill level 5 in Dodging
  7711 | D:9      | Noticed Pikel
  7723 | D:9      | Noticed Duvessa
  7731 | D:9      | Noticed Dowan
  7735 | D:9      | Killed Pikel
  7735 | D:9      | Reached skill level 5 in Fighting
  7762 | D:9      | Killed Dowan
  7766 | D:9      | Killed Duvessa
  7868 | D:9      | Noticed Grum
  7892 | D:9      | Found a glowing silver altar of Zin.
  7921 | D:9      | Killed Grum
  7994 | D:9      | Found a staircase to the Lair.
  8498 | D:9      | Reached skill level 6 in Ice Magic
  8739 | D:9      | Reached skill level 5 in Spellcasting
  8745 | D:10     | Entered Level 10 of the Dungeon
  8745 | D:10     | Found Craupneo's Gadget Shoppe.
  8761 | D:10     | Found Ifikhli's Magic Scroll Shop.
  8773 | D:10     | Bought a scroll of identify for 28 gold pieces
  8773 | D:10     | Bought a scroll of identify for 28 gold pieces
  8813 | D:10     | Reached XP level 10. HP: 79/81 MP: 11/25
  8864 | D:10     | Noticed a hill giant
  8876 | D:10     | Killed a hill giant
  9131 | D:10     | Noticed a hill giant
  9139 | D:10     | Killed a hill giant
  9434 | D:10     | Reached skill level 5 in Summonings
  9892 | D:11     | Noticed Harold
  9931 | D:11     | Noticed a hill giant
  9952 | D:12     | Found a staircase to the Orcish Mines.
 10157 | D:12     | Noticed a white ugly thing
 10172 | D:12     | Killed a white ugly thing
 10685 | D:12     | Reached skill level 5 in Stealth
 10976 | D:12     | Identified a scroll of acquirement
 11256 | D:13     | Noticed a centaur warrior
 11262 | D:13     | Killed a centaur warrior
 11262 | D:13     | Reached XP level 11. HP: 89/89 MP: 4/27
 11602 | D:11     | Noticed Gastronok
 12047 | D:11     | Killed a hill giant
 12492 | D:11     | Killed Gastronok
 12640 | D:11     | Killed Harold
 12640 | D:11     | Reached skill level 7 in Dodging
 12645 | D:11     | Noticed Erica
 12862 | D:11     | Killed Erica
 12885 | D:11     | Learned a level 6 spell: Freezing Cloud
 13706 | Lair:1   | Entered Level 1 of the Lair of Beasts
 13715 | Lair:1   | Reached skill level 1 in Air Magic
 15675 | Lair:3   | Noticed an eight-headed hydra
 15689 | Lair:3   | Killed an eight-headed hydra
 16711 | Lair:4   | Got an ichor-stained robe
 16722 | Lair:4   | Identified the cursed -4 robe of Mumblety Peg {Str+2 Stlth+} (You found it on level 4 of the Lair of Beasts)
 16862 | Lair:4   | Noticed a death yak
 16863 | Lair:4   | Noticed a death yak
 16863 | Lair:4   | Noticed a death yak
 16865 | Lair:4   | Noticed a death yak
 16887 | Lair:4   | Killed a death yak
 16887 | Lair:4   | Reached skill level 5 in Evocations
 16887 | Lair:4   | Reached XP level 12. HP: 100/100 MP: 15/29
 16887 | Lair:4   | Killed a death yak
 16902 | Lair:4   | Killed a death yak
 16902 | Lair:4   | Killed a death yak
 17984 | Lair:5   | Found a staircase to the Snake Pit.
 18105 | Lair:5   | Reached skill level 8 in Dodging
 18380 | Lair:5   | Reached skill level 5 in Armour
 18812 | Lair:6   | Found a staircase to the Shoals.
 18975 | Lair:6   | Reached skill level 5 in Conjurations
 19258 | Lair:6   | Noticed a six-headed hydra
 19268 | Lair:6   | Killed a six-headed hydra
 19289 | Lair:6   | Found a labyrinth entrance.
 20618 | Lair:8   | Entered Level 8 of the Lair of Beasts
 20734 | Lair:8   | Noticed a seven-headed hydra
 20742 | Lair:8   | Killed a seven-headed hydra
 21228 | Lair:8   | Reached XP level 13. HP: 102/107 MP: 1/31
 21839 | Lair:8   | Noticed Maja's ghost (powerful MiBe)
 22355 | Lair:1   | Learned a level 6 spell: Ozocubu's Refrigeration
 22358 | Lair:1   | Learned a level 2 spell: Blink
 22492 | Orc:1    | Entered Level 1 of the Orcish Mines
 22740 | Orc:1    | Upgraded the game from 0.15.1-2-g8fbdab7 to 0.15.1-3-g1b33baa
 23358 | Orc:2    | Noticed Snorg
 23644 | Orc:2    | Killed Snorg
 23874 | Orc:2    | Noticed a grey draconian
 24153 | Orc:3    | Noticed Nessos
 24543 | Orc:3    | Found a roughly hewn altar of Beogh.
 24859 | Orc:3    | Found Bumyngoecs' Weapon Emporium.
 24862 | Orc:3    | Noticed an orc warlord
 25113 | Orc:3    | Killed Nessos
 25282 | Orc:3    | Killed an orc warlord
 25302 | Orc:3    | Gained mutation: [You are frail (-10% HP).] [mutagenic glow]
 25610 | Orc:4    | Entered Level 4 of the Orcish Mines
 25618 | Orc:4    | Noticed an orc warlord
 25705 | Orc:4    | Found a staircase to the Elven Halls.
 25709 | Orc:4    | Paralysed by an orc sorcerer for 4 turns
 26566 | Orc:4    | Found Karubampa's General Store.
 26582 | Orc:4    | Found a roughly hewn altar of Beogh.
 26774 | Orc:4    | Killed an orc warlord
 27197 | Orc:4    | Gained mutation: Your body is slowly deteriorating. [a neqoxec]
 27274 | Orc:4    | Found Theckiva's Antique Weapon Boutique.
 27463 | Orc:4    | Found Croma's Antique Armour Emporium.
 27477 | Orc:4    | Cast into the Abyss (orc knight)
 27568 | Abyss:1  | Noticed a tentacled starspawn
 27578 | Abyss:1  | Killed a tentacled starspawn
 27578 | Abyss:1  | Reached skill level 9 in Ice Magic
 27672 | Abyss:1  | Gained mutation: You can spit poison. [potion of beneficial mutation]
 27761 | Abyss:1  | Found a corrupted altar of Lugonu.
 27790 | Abyss:1  | Noticed a starcursed mass
 27802 | Abyss:1  | Got a faintly glowing helmet
 27813 | Abyss:1  | Identified the cursed +0 helmet of the Gusle {+Rage} (You found it on level 1 of the Abyss)
 27814 | Abyss:1  | Noticed a starcursed mass
 27842 | Abyss:1  | Noticed a bone dragon
 27843 | Abyss:1  | Noticed a tentacled starspawn
 27844 | Abyss:1  | Noticed a tentacled starspawn
 27854 | Abyss:1  | Paralysed by accursed screaming for 1 turns
 27854 | Abyss:1  | Slain by a bone dragon

Action                   |  1- 3 |  4- 6 |  7- 9 | 10-12 | 13-15 || total
-------------------------+-------+-------+-------+-------+-------++-------
Melee: Short sword       |   123 |    34 |       |       |       ||   157
       Quarterstaff      |       |   206 |   186 |       |       ||   392
       Flail             |       |       |   150 |   520 |   244 ||   914
 Cast: Freeze            |    23 |     5 |     4 |    21 |    49 ||   102
       Summon Ice Beast  |       |       |    80 |   387 |   196 ||   663
       Throw Icicle      |       |       |     4 |    28 |    22 ||    54
       Ozocubu's Refrige |       |       |       |       |    19 ||    19
Evoke: Wand              |       |     3 |    16 |    23 |    28 ||    70
       Sack of spiders   |       |       |       |    11 |       ||    11
  Use: Scroll            |     3 |     2 |    16 |    20 |     9 ||    50
       Potion            |       |     7 |     3 |     5 |    11 ||    26
 Stab: Sleeping          |     1 |       |       |     7 |     2 ||    10
       Paralysed         |       |     2 |    17 |       |       ||    19
       Petrifying        |       |     1 |       |       |       ||     1
       Petrified         |       |     1 |       |       |       ||     1
       Confused          |       |       |     1 |       |       ||     1
       Distracted        |       |       |     1 |    13 |     2 ||    16
       Invisible         |       |       |       |       |     1 ||     1
  Eat: Bread ration      |     1 |       |     1 |       |       ||     2
       Chunk             |     1 |     8 |    31 |    85 |    48 ||   173
       Beef jerky        |       |     1 |       |       |       ||     1
       Pizza             |       |       |     1 |       |       ||     1
